 Dungeon Crawl Stone Soup version 0.28.0-43-g3370ac3207 (webtiles) character file.

Game seed: 9362434190733416587

14 Descartes the Grasshopper (level 2, 0/13 HPs)
             Began as a Felid Warper on Mar 22, 2022.
             Slain by a jackal (2 damage)
             ... on level 1 of the Dungeon.
             The game lasted 00:00:44 (603 turns).

Descartes the Grasshopper (Felid Warper)             Turns: 603, Time: 00:00:45

Health: 0/13       AC:  1    Str:  7    XL:     2   Next: 31%
Magic:  6/6        EV: 18    Int: 14    God:
Gold:   36         SH:  0    Dex: 15    Spells: 5/5 levels left
                                        Lives:  0   Deaths: 0

rFire   . . .      SeeInvis +     - Unarmed
rCold   . . .      Faith    .   (shield unavailable)
rNeg    . . .      Spirit   .   (armour unavailable)
rPois   .          Reflect  .   (helmet unavailable)
rElec   .          Harm     .   (cloak unavailable)
rCorr   .          Rampage  .   (gloves unavailable)
Will    .....                   (boots unavailable)
Stlth   ++........              (no amulet)
HPRegen 0.04/turn               (no ring)
MPRegen 0.10/turn               (no ring)

@: quick
A: very small, claws 1, fangs 3, see invisible, speed 1, shaggy fur 1, stealthy
paws, no weapons or thrown items, no armour, multi-lived
a: no special abilities


You were on level 1 of the Dungeon.
You visited 1 branch of the dungeon, and saw 1 of its levels.

You collected 36 gold pieces.

Inventory:

Missiles
 b - 15 stones
Scrolls
 a - a scroll of blinking
 d - a scroll of amnesia {unknown}
Potions
 c - a potion of cancellation {unknown}


   Skills:
 - Level 2.0 Fighting
 * Level 3.6 Dodging
 * Level 1.2 Stealth
 * Level 2.2 Unarmed Combat
 - Level 2.0 Spellcasting
 + Level 4.5 Translocations
 + Level 0.4 Transmutations


You had 5 spell levels left.
You didn't know any spells.
Your spell library contained the following spells:

 Spells                   Type           Power      Damage    Failure   Level
 Blink                    Tloc           28%        N/A       5%          2
 Gell's Gravitas          Tloc           14%        N/A       11%         3
 Lesser Beckoning         Tloc           14%        N/A       11%         3
 Teleport Other           Tloc           14%        N/A       11%         3
 Manifold Assault         Tloc           14%        N/A       71%         5


Dungeon Overview and Level Annotations

Branches:
Dungeon (1/15)

Altars:


Innate Abilities, Weirdness & Mutations

You have sharp claws.
You have razor-sharp teeth.
You have supernaturally acute eyesight. (SInv)
You cover ground quickly. (Speed+)
You are covered in fur. (AC +1)
Your paws help you pounce on unaware monsters.
You are incapable of wielding weapons or throwing items.
You cannot wear armour.
You gain extra lives every three experience levels.


Message History

You scratch the jackal.
You kill the jackal!
You closely miss the jackal. Your bite misses the jackal.
The jackal misses you.
You closely miss the jackal. The jackal bites you. The jackal misses you.
You are too injured to fight recklessly!
You are too injured to fight recklessly!
You are too injured to fight recklessly!
You are too injured to fight recklessly!
You are too injured to fight recklessly!
You are too injured to fight recklessly!
You are too injured to fight recklessly!
You are too injured to fight recklessly!
You are too injured to fight recklessly!
You are too injured to fight recklessly!
You are too injured to fight recklessly!
You are too injured to fight recklessly!
You are too injured to fight recklessly!
You are too injured to fight recklessly!
You are too injured to fight recklessly!
You scratch the jackal but do no damage.
The jackal misses you.
You scratch the jackal but do no damage.
The jackal misses you.
You scratch the jackal.
The jackal is lightly wounded.
The jackal closely misses you.
You scratch the jackal. Your claw misses the jackal.
The jackal is severely wounded.
The jackal bites you.
* * * LOW HITPOINT WARNING * * *
The jackal misses you.
You barely miss the jackal.
The jackal is heavily wounded.
The jackal bites you.
* * * LOW HITPOINT WARNING * * *
You scratch the jackal.
You kill the jackal!
The jackal bites you.
You die...

.r ... #.# #####
#.# #...#
#.###########...##
#..........##...#.
#........†..'.....
#..........##...#.
#@#+#########...#.
#h# #...#. #.#
#...#. #.# ######
#.# #.# #.. ###


You could see a jackal.

Vanquished Creatures
  2 ball pythons (D:1)
  2 endoplasms (D:1)
  A goblin (D:1)
  3 jackals (D:1)
  2 kobolds (D:1)
  A bat (D:1)
  2 frilled lizards (D:1)
  A rat (D:1)
14 creatures vanquished.

Notes
Turn   | Place    | Note
-------+----------+-------------------------------------------
     0 | D:1      | Descartes the Felid Warper began the quest for the Orb.
     0 | D:1      | Reached XP level 1. HP: 9/9 MP: 4/4
   185 | D:1      | Reached skill level 1 in Stealth
   212 | D:1      | Reached XP level 2. HP: 12/13 MP: 6/6
   603 | D:1      | Slain by a jackal

Illustrated notes

Levels and vault maps discovered:
D:1:      dpeg_arrival_simpleton_a, layout_basic

Skill      XL: |  1 |
---------------+----+-----
Stealth        | 1 |  1.2
Fighting       | |  2.0
Dodging        | |  3.6
Unarmed Combat | |  2.2
Spellcasting   | |  2.0
Translocations | |  4.5
Transmutations | |  0.4

Action                   || total
-------------------------++-------
Melee: Unarmed           ||    48
       Bite              ||     2
Armor: Skin              ||     2
Dodge: Dodged            ||    42
